 Dungeon Crawl Stone Soup version 0.21-a0-591-g2314aa1 (webtiles) character file.

47 Amnesiac the Digger (level 3, -2/19 HPs)
             Began as a Deep Elf Earth Elementalist on Dec 22, 2017.
             Slain by a goblin
             ... wielding a +0 club
              (5 damage)
             ... on level 1 of the Dungeon.
             The game lasted 00:00:39 (1098 turns).

Amnesiac the Digger (Deep Elf Earth Elementalist)   Turns: 1098, Time: 00:00:40

Health: -2/19      AC:  2    Str:  5    XL:     3   Next: 48%
Magic:  4/10       EV: 13    Int: 20    God:
Gold:   80         SH:  0    Dex: 15    Spells: 6/9 levels left

rFire    . . .     SeeInvis .   (no weapon)
rCold    . . .     Gourm    .   (no shield)
rNeg     . . .     Faith    .   c - +0 robe
rPois    .         Spirit   .   (no helmet)
rElec    .         Reflect  .   (no cloak)
rCorr    .         Harm     .   (no gloves)
MR       .....                  (no boots)
Stlth    ++........             (no amulet)
HPRegen  0.06/turn              (no ring)
MPRegen  0.12/turn              (no ring)

@: no status effects
A: no striking features
a: no special abilities


You were on level 1 of the Dungeon.
You were not hungry.

You visited 1 branch of the dungeon, and saw 2 of its levels.

You collected 80 gold pieces.

Inventory:

Missiles
 b - 27 stones (quivered)
Armour
 c - a +0 robe (worn)
Scrolls
 f - a scroll of magic mapping {!r, unknown}
 g - 5 scrolls of identify {!r, unknown}
 j - a scroll of blinking {!r, unknown}
 l - a scroll of remove curse {!r, unknown}
Potions
 a - a potion of curing {!q, unknown}
 h - a potion of brilliance {!q, unknown}
 k - a potion of magic {!q, unknown}
 m - a potion of resistance {!q, unknown}
Books
 e - a book of Geomancy

   Spells                             Type                      Level
   a - Sandblast                      Earth                        1
   b - Passwall                       Transmutation/Earth          2
   c - Stone Arrow                    Conjuration/Earth            3
   d - Petrify                        Transmutation/Earth          4
   e - Lee's Rapid Deconstruction     Earth                        5
Comestibles
 d - 4 rations
 i - a chunk of flesh


   Skills:
 - Level 2.4 Dodging
 - Level 2.4 Stealth
 + Level 3.9 Spellcasting
 - Level 1.1 Transmutations
 * Level 4.5 Earth Magic


You had 6 spell levels left.
You knew the following spells:

 Your Spells              Type           Power        Failure   Level  Hunger
a - Sandblast             Erth           ###...       1%          1    None
b - Passwall              Tmut/Erth      ###.......   6%          2    ##.....


Dungeon Overview and Level Annotations

Branches:
Dungeon (2/15)

Altars:
Elyvilon

Annotations:
D:2 Terence


Message History

The dart slug bites you but does no damage.
There are monsters nearby!
You hit the dart slug but do no damage.
The dart slug is lightly wounded.
The bat closely misses you. The bat barely misses you.
The frilled lizard bites you.
Casting: Sandblast
Confirm with . or Enter, or press ? or * to list all spells.
Aiming: Sandblast
Press: ? - help, Shift-Dir - straight line, f - bat
Aim: a bat The blast of sand misses the bat.
The blast of sand hits the goblin.
You kill the goblin!
b - 30 stones The bat closely misses you.
The dart slug bites you but does no damage.
The frilled lizard closely misses you.
There are monsters nearby!
You hit the dart slug.
The dart slug is lightly wounded.
The frilled lizard bites you. The goblin hits you with a club.
The dart slug bites you.
Casting: Sandblast
Confirm with . or Enter, or press ? or * to list all spells.
Aiming: Sandblast
Press: ? - help, Shift-Dir - straight line, f/p - bat
Aim: a bat The blast of sand misses the frilled lizard.
The blast of sand misses the bat.
b - 29 stones The frilled lizard bites you.
The goblin closely misses you. The dart slug bites you.
There are monsters nearby!
You hit the dart slug but do no damage.
The dart slug is lightly wounded.
The frilled lizard misses you. The goblin hits you with a club.
* * * LOW HITPOINT WARNING * * *
Casting: Sandblast
Confirm with . or Enter, or press ? or * to list all spells.
Aiming: Sandblast
Press: ? - help, Shift-Dir - straight line, f/p - bat
Aim: a bat The blast of sand hits the frilled lizard.
You kill the frilled lizard!
b - 28 stones The bat closely misses you.
The dart slug barely misses you. The goblin hits you with a club.
* * * LOW HITPOINT WARNING * * *
There are monsters nearby!
You hit the dart slug.
The dart slug is lightly wounded.
The dart slug bites you but does no damage.
The goblin hits you with a club.
* * * LOW HITPOINT WARNING * * *
Casting: Sandblast
Confirm with . or Enter, or press ? or * to list all spells.
Aiming: Sandblast
Press: ? - help, Shift-Dir - straight line, f/p - bat
Aim: a bat The blast of sand hits the goblin.
You kill the goblin!
b - 27 stones The bat barely misses you.
The goblin hits you with a club.
You die...

## ### ... ...# ...
...# ##.# #..# #######
.#...# #..# #.....#
#.....##..######.....#
......g#.............#
#.r)@.######.#....###
.....bw#.# #.###......
#..?..##.###
##.#..##### $#...#
#...# ##....#### ##.#
#.#.## #......... ...
...#..###..#.##.#. ...
..####..............
## ##
##.....#..#.##.#.
#.........#.#.##.


You could see a dart slug, a goblin, a bat and a rat.

Vanquished Creatures
  An adder (D:2)
  An ooze (D:2)
  A worm (D:2)
  A dart slug (D:1)
  A leopard gecko (D:2)
  A giant cockroach (D:1)
  5 goblins
  3 hobgoblins
  4 kobolds
  A ball python (D:1)
  4 bats
  3 frilled lizards
  3 rats
29 creatures vanquished.

Notes
Turn   | Place    | Note
-------+----------+-------------------------------------------
     0 | D:1      | Amnesiac the Deep Elf Earth Elementalist began the quest for the Orb.
     0 | D:1      | Reached XP level 1. HP: 10/10 MP: 6/6
   280 | D:1      | Reached XP level 2. HP: 3/15 MP: 2/8
   451 | D:1      | Learned a level 2 spell: Passwall
   517 | D:1      | You fall through a shaft!
   589 | D:2      | Found a white marble altar of Elyvilon.
   598 | D:2      | Reached skill level 4 in Earth Magic
   729 | D:2      | Reached XP level 3. HP: 19/19 MP: 7/10
   817 | D:2      | Noticed Terence
  1098 | D:1      | Slain by a goblin

Vault maps used:
D:1:      eino_arrival_water_cross, minmay_nonomino_d4
D:2:      zin_angel, lemuel_crystal_altar, uniq_terence

Skill      XL: |  1  2 |
---------------+-------+-----
Earth Magic    | 4 |  4.5
Dodging        | |  2.4
Stealth        | |  2.4
Spellcasting   | |  3.9
Transmutations | |  1.1

Action                   || total
-------------------------++-------
Melee: Unarmed           ||    12
 Cast: Sandblast         ||    36
Armor: Robe              ||     5
Dodge: Dodged            ||    27

Table legend:
 A = Spawn XP
 B = Non-spawn XP
 C = Spawn XP percentage of total XP
 D = Spawn monster count
 E = Non-spawn monster count
 F = Spawn count percentage of total count
 G = Total turns spent on level
                    A         B        C        D         E        F      G
               +---------+---------+-------+---------+---------+-------+---------
         Total |       0 |      68 |   0.0 |       0 |      29 |   0.0 |  1098
               +---------+---------+-------+---------+---------+-------+---------
           D:1 |       0 |      29 |   0.0 |       0 |      18 |   0.0 |   791
           D:2 |       0 |      39 |   0.0 |       0 |      11 |   0.0 |   307
               +---------+---------+-------+---------+---------+-------+---------
